 Dungeon Crawl Stone Soup version 0.23-a0-181-g24f899a (webtiles) character file.

80710 nubinia the Stormcaller (level 15, -6/82 HPs)
             Began as a Tengu Venom Mage on Sept 16, 2018.
             Was the Champion of Ashenzari.
             Killed by divine providence
             ... invoked by an orc priest
              (15 damage)
             ... on level 2 of the Orcish Mines on Sept 19, 2018.
             The game lasted 04:37:01 (32915 turns).

nubinia the Stormcaller (Tengu Venom Mage)         Turns: 32915, Time: 04:37:04

Health: -6/82      AC: 17    Str: 10    XL:     15   Next: 67%
Magic:  2/32       EV: 22    Int: 22    God:    Ashenzari [******]
Gold:   2419       SH: 10    Dex: 27    Spells: 12/39 levels left

rFire    + + .     SeeInvis +   f - +9 short sword of Infinite Pain {pain, Dex+4} (curse)
rCold    . . .     Gourm    .   K - +2 buckler (curse)
rNeg     . . .     Faith    .   n - +5 ring mail of Fortitude {rF+ Dex+3} (curse)
rPois    +         Spirit   .   D - +2 hat (curse)
rElec    .         Reflect  .   w - +0 cloak
rCorr    .         Harm     .   Q - +1 pair of gloves of the Hunter {rPois Dex+2 Slay+2} (curse)
MR       +....     Clarity  +   (boots unavailable)
Stlth    ++++......             p - amulet of rage
HPRegen  0.63/turn              d - +2 ring of dexterity (curse)
MPRegen  0.23/turn              i - +3 ring of intelligence (curse)

@: flying quickly and evasively, very slightly contaminated, deflect missiles,
quick
A: beak, talons 3, fire resistance 1, sense surroundings 1, regeneration 1,
evolution 1, able to fly 2
a: Stop Flying, Curse Item, Scrying, Transfer Knowledge, Renounce Religion,
Evoke Berserk Rage


You were on level 2 of the Orcish Mines.
You worshipped Ashenzari.
Ashenzari was exalted by your worship.
You were not hungry.

You visited 5 branches of the dungeon, and saw 23 of its levels.
You also visited: Labyrinth, Ossuary, Bailey, Ice Cave and Volcano.

You collected 2419 gold pieces.

Inventory:

Hand Weapons
 a - a +6 dagger of piercing
 f - the cursed +9 short sword of Infinite Pain (weapon) {pain, Dex+4}
   (You found it on level 11 of the Dungeon)

   In the hands of one skilled in necromantic magic, it inflicts extra damage on
   living creatures.
   It affects your dexterity (+4).
   It has a curse placed upon it.
 u - the +12 Vampire's Tooth {vamp}
   (You found it on level 12 of the Dungeon)

   It inflicts no extra harm, but heals its wielder when it wounds a living foe.
 H - a cursed +5 short sword
Missiles
 A - 34 tomahawks of returning (quivered)
Armour
 n - the cursed +5 ring mail of Fortitude (worn) {rF+ Dex+3}
   (You found it on level 7 of the Dungeon)

   It affects your dexterity (+3).
   It protects you from fire.
   It has a curse placed upon it.
 w - a +0 cloak (worn)
 y - a +2 robe of magic resistance
 D - a cursed +2 hat (worn)
 K - a cursed +2 buckler (worn)
 M - a +2 shield of cold resistance
 N - a +1 leather armour of cold resistance
 Q - the cursed +1 pair of gloves of the Hunter (worn) {rPois Dex+2 Slay+2}
   (You found it in a volcano)

   It affects your dexterity (+2).
   It affects your accuracy and damage with ranged weapons and melee attacks
   (+2).
   It protects you from poison.
   It has a curse placed upon it.
 U - a +3 chain mail of positive energy
Jewellery
 d - a cursed +2 ring of dexterity (left hand)
 i - a cursed +3 ring of intelligence (right hand)
 o - an uncursed ring of stealth
 p - an amulet of rage (around neck)
 r - a +2 ring of dexterity
 R - a +2 ring of protection
Wands
 g - a wand of disintegration (7)
 m - a wand of flame (68)
 E - a wand of iceblast (38)
 J - a wand of enslavement (10)
 O - a wand of scattershot (3)
 T - a wand of digging (10)
 X - a wand of acid (9)
 Z - a wand of random effects (26)
Scrolls
 x - 2 scrolls of immolation
 z - a scroll of brand weapon
 B - 10 scrolls of teleportation
 C - 9 scrolls of magic mapping
 I - 5 scrolls of enchant armour
 L - 2 scrolls of blinking
 P - 5 scrolls of amnesia
 V - 3 scrolls of fog
 W - 3 scrolls of identify
Potions
 b - 3 potions of mutation
 e - 4 potions of heal wounds
 h - 7 potions of might
 j - 4 potions of agility
 k - a potion of brilliance
 l - a potion of ambrosia
 q - 11 potions of curing
 v - a potion of invisibility
 F - a potion of cancellation
 G - 9 potions of haste
 S - 3 potions of resistance
 Y - a potion of magic
Miscellaneous
 t - a lightning rod (4/4)
Comestibles
 c - 45 rations


   Skills:
 + Level 5.0 Fighting
 + Level 8.2(12.6) Short Blades
   Level 4.7 Staves
 + Level 3.0 Throwing
 + Level 3.9(6.7) Armour
 + Level 6.3(9.4) Dodging
 + Level 8.2 Stealth
 * Level 5.0(8.0) Shields
 + Level 12.8 Spellcasting
 * Level 12.2(14.9) Conjurations
 + Level 10.3(13.1) Summonings
 * Level 3.9(6.7) Necromancy
 + Level 15.2(17.7) Air Magic
 - Level 4.4(7.3) Poison Magic
 + Level 1.2(3.1) Evocations


You had 12 spell levels left.
You knew the following spells:

 Your Spells              Type           Power        Failure   Level  Hunger
a - Sting                 Conj/Pois      ####         1%          1    None
b - Poisonous Vapours     Pois/Air       ######       1%          2    None
c - Mephitic Cloud        Conj/Pois/Air  ######..     1%          3    None
d - Summon Lightning Spi  Summ/Air       ######..     1%          4    None
e - Call Canine Familiar  Summ           ######..     1%          3    None
f - Summon Guardian Gole  Hex/Summ       #####...     1%          3    None
g - Deflect Missiles      Chrm/Air       ######....   36%         6    #####..
D - Animate Dead          Necr           N/A          6%          4    None
S - Animate Skeleton      Necr           N/A          1%          1    None

Your spell library contained the following spells:

 Spells                   Type           Power        Failure   Level  Hunger
 Magic Dart               Conj           ####         1%          1    None
 Summon Small Mammal      Summ           ####         1%          1    None
 Call Imp                 Summ           ######..     1%          2    None
 Sublimation of Blood     Necr           #####.....   1%          2    None
 Conjure Flame            Conj/Fire      #####...     1%          3    None
 Recall                   Summ/Tloc      N/A          1%          3    None
 Stone Arrow              Conj/Erth      #####.       1%          3    None
 Venom Bolt               Conj/Pois      ######....   3%          5    ###....
 Olgreb's Toxic Radiance  Pois           #####...     4%          4    None
 Summon Ice Beast         Ice/Summ       #####...     6%          4    None
 Silence                  Hex/Air        ######....   7%          5    ###....
 Apportation              Tloc           ###...       9%          1    None
 Confusing Touch          Hex            ###...       9%          1    None
 Sandblast                Erth           ###...       9%          1    None
 Ignite Poison            Fire/Tmut/Pois ####....     11%         3    None
 Irradiate                Conj/Tmut      #####.....   12%         5    ###....
 Blink                    Tloc           N/A          13%         2    None
 Passwall                 Tmut/Erth      ###.....     13%         2    None
 Slow                     Hex            ###.....     13%         2    None
 Freezing Cloud           Conj/Ice/Air   ######....   17%         6    #####..
 Confuse                  Hex            ###.....     26%         3    None
 Gell's Gravitas          Tloc           ###.......   26%         3    None
 Alistair's Intoxication  Tmut/Pois      ####....     52%         5    ###....
 Borgnjor's Vile Clutch   Necr/Erth      ####......   54%         5    ###....
 Cause Fear               Hex            ###.......   65%         4    None
 Petrify                  Tmut/Erth      ###.....     65%         4    None
 Death Channel            Necr           #####.....   69%         6    #####..
 Lee's Rapid Deconstruct  Erth           ###.......   94%         5    ###....
 Metabolic Englaciation   Hex/Ice        ###.......   94%         5    ###....
 Yara's Violent Unravell  Hex/Tmut       ###.......   94%         5    ###....
 Simulacrum               Ice/Necr       ####......   98%         6    #####..
 Ring of Flames           Chrm/Fire      ###.......   100%        7    ######.
 Discord                  Hex            ###.......   100%        8    #######


Dungeon Overview and Level Annotations

Branches:
Dungeon (12/15)            Temple (1/1) D:7            Lair (6/6) D:9
  Swamp (2/4) Lair:2        Snake (0/4) Lair:2        Slime (0/5) Lair:5
    Orc (2/2) D:12            Elf (0/3) Orc:2

Altars:
Ashenzari
Cheibriados
Dithmenos
Elyvilon
Fedhas
Gozag
Hepliaklqana
Kikubaaqudgha
Makhleb
Nemelex Xobeh
Okawaru
Qazlal
Ru
Sif Muna
Trog
Uskayaw
Vehumet
Wu Jian
Xom
Yredelemnul
Zin
The Shining One
Jiyva

Shops:
D:5 *   D:7 (

Annotations:
Lair:2 exclusion: sensed monster (detected)
Lair:6 3 runed doors, ThereIsNoGod's ghost, journeyman DDFi
Swamp:1 exclusion: Roxanne, Roxanne
Swamp:2 Nikola


Innate Abilities, Weirdness & Mutations

You have a beak for a mouth.
You have claws for feet.
You can fly continuously.
Your flesh is heat resistant. (rF+)
You passively map a small area around you.
Your natural rate of healing is unusually fast.
You evolve.


Message History

Confirm with . or Enter, or press ? or * to list all spells.
Aiming: Mephitic Cloud (safe; 1% risk of failure)
Press: ? - help, Shift-Dir - straight line The ball explodes into a vile cloud!
The stinking cloud engulfs the orc wizard.
The stinking cloud engulfs the orc priest.
You hear a shout! x2
The orc priest mumbles some strange prayers to Beogh against you.
Beogh smites you!
* * * LOW HITPOINT WARNING * * *
The orc priest is engulfed in noxious fumes.
The orc priest appears confused.
The orc priest invokes the aid of Beogh against you.
Beogh smites you!
* * * LOW HITPOINT WARNING * * *
The orc priest is engulfed in noxious fumes.
The orc priest appears confused.
The orc priest mumbles some strange prayers to Beogh against you.
Beogh smites you!
You die...

*, *## #.## * *...# *
##*###..#* ##.##....# *
#.......# *## * * #..@o##
####.##* ,
*##..#)#####.#...#,
##.#.8§.)).....#.#* , **
#.....§3.oo4...#.## *
*##....o§§..o...8..## ,
*, ,#.......#o..$).....#
* * *
........###..#......##
***
**.........),#.......oo.#
* ,
,.....$...........o.o..o.


You could see an orc high priest, a neqoxec, a chaos spawn, an orc warrior, 3
orc priests, an orc wizard and a friendly lightning spire.

Vanquished Creatures
  Rupert (Lair:6)
  Gastronok (Lair:1)
  2 orc warlords
  An ettin (Orc:1)
  2 hydras
  Harold (D:11)
  A centaur warrior (D:10)
  3 death yaks
  A two-headed ogre (Volcano)
  Sonja (Lair:1)
  3 swamp dragons
  A wizard (D:12)
  An unseen horror (D:7)
  A harpy (Lair:6)
  2 orc knights (Orc:1)
  An ugly thing (D:11)
  A manticore (D:10)
  4 orc sorcerers
  A salamander (Volcano)
  A cyclops (D:12)
  9 elephants
  A torpor snail (Lair:4)
  8 spiny frogs
  5 rime drakes
  2 komodo dragons
  5 tyrant leeches
  9 polar bears
  A wind drake (Lair:6)
  4 hornets
  2 trolls
  A slime creature (D:10)
  5 blink frogs
  4 dream sheep (Lair:6)
  2 bog bodies (Swamp:2)
  11 hippogriffs
  A shadow (D:12)
  A spriggan (Swamp:1)
  A vampire (D:12)
  4 wyverns
  Sigmund (D:2)
  A human (D:10)
  A fire bat (Volcano)
  21 yaks
  8 vampire mosquitoes
  Edmund (D:6)
  2 wargs
  5 swamp worms
  An acid dragon (D:12)
  16 soldier ants
  Duvessa (D:6)
  13 water moccasins
  8 porcupines
  27 orc warriors
  2 swamp drakes
  A hornet zombie (D:8)
  3 sky beasts
  4 ice beasts
  9 ogres
  A phantom (D:11)
  25 wolves
  9 crocodiles
  14 centaurs
  2 big kobolds (D:11)
  An elf zombie (Ossuary)
  2 gnoll sergeants
  19 bullfrogs
  A wyvern zombie (D:10)
  A wyvern skeleton (D:11)
  6 scorpions
  Dowan (D:6)
  3 killer bees (D:12)
  An electric eel (Lair:2)
  5 howler monkeys
  3 crimson imps
  A bullfrog zombie (D:12)
  4 jellies
  Crazy Yiuf (D:3)
  2 centaur zombies
  3 centaur skeletons
  7 hounds
  16 orc priests
  4 human zombies (Ossuary)
  4 bullfrog skeletons
  20 orc wizards
  Ijyb (D:4)
  Terence (D:2)
  2 iguanas
  15 worker ants
  A big kobold zombie (Ossuary)
  A hound zombie (D:9)
  A hound skeleton (D:3)
  2 mummies (Ossuary)
  2 worker ant zombies
  Robin (D:3)
  8 adders
  11 gnolls
  2 shadow imps
  3 oozes
  An adder zombie (Ossuary)
  A worm (D:2)
  5 dart slugs
  4 leopard geckos
  76 orcs
  9 bats
  6 giant cockroaches
  11 goblins
  16 hobgoblins
  7 jackals
  5 quokkas
  2 ball pythons (D:2)
  2 frilled lizards
  7 hobgoblin zombies (Ossuary)
  A jackal zombie (Ossuary)
  27 kobolds
  12 kobold zombies (Ossuary)
  A leopard gecko zombie (D:5)
  8 orc zombies (Ossuary)
  3 rats
  2 butterflies (Lair:4)
644 creatures vanquished.

Vanquished Creatures (collateral kills)
  A frost giant (IceCv)
  An orc warlord (Orc:1)
  2 entropy weavers
  A dire elephant (Lair:4)
  A minotaur (Lab)
  8 hydras
  A merfolk avatar (Lair:6)
  A shambling mangrove (Swamp:2)
  2 two-headed ogres
  2 alligators (Swamp:1)
  5 death yaks
  A queen ant (Lair:6)
  An orc high priest (Orc:2)
  A sea snake (Lair:6)
  2 swamp dragons
  An orc knight (Orc:1)
  An ugly thing (D:12)
  A cyclops (D:12)
  3 orc sorcerers (Orc:1)
  An oklob plant (Lair:4)
  A salamander (Volcano)
  A manticore (Lair:6)
  2 elephants (Lair:4)
  2 black mambas
  2 gargoyles (D:12)
  5 spiny frogs
  3 rime drakes
  6 komodo dragons
  A minotaur zombie (Lab)
  A wind drake (Lair:6)
  4 tyrant leeches (Swamp:1)
  3 bog bodies
  6 polar bears
  3 trolls
  3 hornets
  5 blink frogs
  2 hippogriffs
  A spriggan (Swamp:1)
  A vampire (D:12)
  A wraith (D:11)
  A wyvern (Lair:2)
  A fire bat (Volcano)
  22 yaks
  4 basilisks
  5 vampire mosquitoes
  5 nagas (Lair:2)
  11 swamp worms
  2 wargs (Orc:1)
  8 soldier ants (Lair:6)
  7 water moccasins
  A hell hound (Volcano)
  2 porcupines
  9 orc warriors
  A swamp drake (Swamp:1)
  An ice beast (D:5)
  2 ogres
  24 wolves
  A centaur (D:11)
  A crocodile (Lair:6)
  A bullfrog (D:11)
  A killer bee (D:12)
  15 wights
  A howler monkey (D:7)
  2 crimson imps
  A hound (D:11)
  2 jellies (D:7)
  9 orc priests
  7 orc wizards
  10 worker ants (Lair:6)
  A hell rat (D:9)
  3 gnolls
  A river rat (D:9)
  An adder skeleton (D:6)
  22 orcs
  2 hobgoblins (Bailey)
  2 fungi
  2 plants (Lair:4)
281 creatures vanquished.

Vanquished Creatures (others)
  A hornet (Swamp:2)
  A worker ant (Lair:6)
  33 fungi
  42 plants
77 creatures vanquished.

Grand Total: 1002 creatures vanquished

Notes
Turn   | Place    | Note
-------+----------+-------------------------------------------
     0 | D:1      | nubinia the Tengu Venom Mage began the quest for the Orb.
     0 | D:1      | Reached XP level 1. HP: 10/10 MP: 4/4
   278 | D:1      | Reached XP level 2. HP: 15/15 MP: 3/6
   307 | D:1      | Learned a level 2 spell: Poisonous Vapours
   881 | D:1      | Reached XP level 3. HP: 15/19 MP: 5/7
   936 | D:1      | Learned a level 3 spell: Mephitic Cloud
  1735 | D:2      | Reached skill level 1 in Air Magic
  1735 | D:2      | Reached XP level 4. HP: 7/24 MP: 3/8
  2078 | D:2      | Noticed Sigmund
  2215 | D:3      | Noticed Robin
  2271 | D:3      | Killed Robin
  2271 | D:3      | Reached skill level 2 in Air Magic
  2519 | D:3      | Gained mutation: You can fly. [Tengu growth]
  2519 | D:3      | Reached XP level 5. HP: 28/28 MP: 2/9
  2786 | D:2      | Noticed Terence
  2789 | D:2      | Killed Sigmund
  2789 | D:2      | Reached skill level 1 in Short Blades
  2789 | D:2      | Reached skill level 3 in Air Magic
  2789 | D:2      | Reached XP level 6. HP: 27/33 MP: 5/11
  2836 | D:2      | Killed Terence
  3143 | D:3      | Found a runed door.
  3147 | D:3      | Noticed Crazy Yiuf
  3155 | D:3      | Killed Crazy Yiuf
  3666 | D:4      | Found a sand-covered staircase.
  3675 | D:4      | Noticed Ijyb
  3680 | Ossuary  | Entered an ossuary
  3938 | Ossuary  | Reached skill level 1 in Fighting
  3938 | Ossuary  | Reached skill level 1 in Staves
  3938 | Ossuary  | Reached skill level 4 in Air Magic
  3938 | Ossuary  | Reached XP level 7. HP: 19/38 MP: 10/13
  4510 | D:4      | Killed Ijyb
  4713 | D:4      | Reached XP level 8. HP: 39/43 MP: 11/14
  5306 | D:5      | Entered Level 5 of the Dungeon
  5309 | D:5      | Found Fate's Fabulous Fripperies.
  5333 | D:5      | Reached skill level 5 in Air Magic
  6309 | D:5      | Reached skill level 6 in Air Magic
  6533 | D:6      | Noticed Edmund
  6580 | D:6      | Reached skill level 1 in Throwing
  6588 | D:6      | Killed Edmund
  6588 | D:6      | Reached XP level 9. HP: 49/49 MP: 5/16
  6863 | D:6      | Learned a level 4 spell: Summon Lightning Spire
  6885 | D:6      | Reached skill level 1 in Summonings
  7523 | D:5      | Learned a level 3 spell: Call Canine Familiar
  8226 | D:6      | Noticed Dowan
  8626 | D:6      | Noticed Duvessa
  8636 | D:6      | Killed Dowan
  8637 | D:6      | Killed Duvessa
  8637 | D:6      | Reached skill level 7 in Air Magic
  8747 | D:7      | Reached skill level 5 in Spellcasting
  9044 | D:7      | Found a glowing silver altar of Zin.
  9064 | D:7      | Found a basalt altar of Yredelemnul.
  9692 | D:7      | Found Pulil's Weapon Shoppe.
  9744 | D:7      | Reached XP level 10. HP: 56/56 MP: 14/19
  9820 | D:7      | Gained mutation: You have a pair of small horns on your
                  | head. [potion of mutation]
  9820 | D:7      | Gained mutation: You expend magic power (3 MP) to
                  | strengthen your wands. [potion of mutation]
  9821 | D:7      | Lost mutation: You expend magic power (3 MP) to strengthen
                  | your wands. [potion of mutation]
  9821 | D:7      | Lost mutation: You have a pair of small horns on your head.
                  | [potion of mutation]
  9821 | D:7      | Gained mutation: You are clumsy. (Dex -2) [potion of
                  | mutation]
  9821 | D:7      | Gained mutation: You are resistant to electric shocks.
                  | (rElec) [potion of mutation]
  9821 | D:7      | Gained mutation: Your flesh is heat resistant. (rF+)
                  | [potion of mutation]
  9935 | D:7      | Found a sparkling altar of Nemelex Xobeh.
  9977 | D:7      | Reached skill level 8 in Air Magic
 10178 | D:7      | Found a staircase to the Ecumenical Temple.
 10193 | Temple   | Entered the Ecumenical Temple
 10222 | Temple   | Became a worshipper of Ashenzari the Shackled
 10391 | D:7      | Got the uncursed ring mail of Fortitude {rF+ Dex+3}
 10402 | D:7      | Identified the +5 ring mail of Fortitude {rF+ Dex+3} (You
                  | found it on level 7 of the Dungeon)
 10682 | D:7      | Noticed an unseen horror
 10706 | D:7      | Killed an unseen horror
 11457 | D:8      | Reached * piety under Ashenzari
 11938 | D:8      | Reached skill level 5 in Stealth
 12239 | D:8      | Reached skill level 5 in Conjurations
 12239 | D:8      | Reached skill level 9 in Air Magic
 12985 | D:9      | Reached skill level 5 in Summonings
 13038 | D:9      | Noticed a death yak
 13366 | D:9      | Noticed a death yak
 13383 | D:9      | Killed a death yak
 13457 | D:9      | Found a staircase to the Lair.
 13458 | D:9      | Noticed a death yak
 13560 | D:9      | Killed a death yak
 13560 | D:9      | Reached XP level 11. HP: 60/60 MP: 7/23
 13711 | D:9      | Killed a death yak
 13824 | D:9      | Reached ** piety under Ashenzari
 13917 | Lair:1   | Entered Level 1 of the Lair of Beasts
 13933 | Lair:1   | Noticed Gastronok
 13938 | Lair:1   | Reached skill level 10 in Air Magic
 13968 | Lair:1   | Killed Gastronok
 14702 | Lair:1   | Reached skill level 11 in Air Magic
 14729 | Lair:1   | HP: 3/60 [swamp worm (12)]
 15147 | Lair:1   | Noticed Sonja
 15177 | Lair:1   | Killed Sonja
 16156 | Lair:2   | Reached skill level 5 in Dodging
 16476 | Lair:2   | Reached XP level 12. HP: 66/66 MP: 20/25
 16736 | Lair:2   | Reached skill level 12 in Air Magic
 17122 | Lair:2   | Found a staircase to the Snake Pit.
 17290 | Lair:2   | Found a staircase to the Swamp.
 17535 | Lair:3   | Found a dark tunnel.
 17544 | Volcano  | Entered a volcano
 17559 | Volcano  | Got the uncursed pair of gloves of the Hunter {rPois Dex+2
                  | Slay+2}
 17570 | Volcano  | Identified the +1 pair of gloves of the Hunter {rPois Dex+2
                  | Slay+2} (You found it in a volcano)
 17577 | Volcano  | Got the cursed pair of boots of Nemelex Xobeh's Pride
                  | {rElec MR+ Int+4}
 17610 | Volcano  | Lost mutation: You are resistant to electric shocks.
                  | (rElec) [potion of mutation]
 17610 | Volcano  | Lost mutation: You are clumsy. (Dex -2) [potion of
                  | mutation]
 17610 | Volcano  | Gained mutation: You passively map a small area around you.
                  | [potion of mutation]
 17610 | Volcano  | Gained mutation: You evolve. [potion of mutation]
 17999 | Volcano  | Noticed a two-headed ogre
 17999 | Volcano  | Noticed a two-headed ogre
 18005 | Volcano  | Reached skill level 5 in Short Blades
 18009 | Volcano  | Killed a two-headed ogre
 18021 | Volcano  | Killed a two-headed ogre
 18190 | Lair:3   | Reached skill level 1 in Evocations
 18196 | Lair:3   | Reached *** piety under Ashenzari
 18318 | Lair:3   | Noticed a five-headed hydra
 18349 | Lair:3   | Killed a five-headed hydra
 19337 | Lair:4   | Reached **** piety under Ashenzari
 19389 | Lair:4   | Reached skill level 10 in Spellcasting
 19982 | Lair:4   | Reached skill level 1 in Armour
 20105 | Lair:4   | Noticed a dire elephant
 20108 | Lair:4   | Upgraded the game from 0.23-a0-175-g97aacdb to
                  | 0.23-a0-180-ga5275e7
 20119 | Lair:4   | Reached skill level 13 in Air Magic
 20133 | Lair:4   | Reached XP level 13. HP: 72/72 MP: 2/28
 20138 | Lair:4   | Killed a dire elephant
 20901 | Lair:5   | Learned a level 3 spell: Summon Guardian Golem
 21346 | Lair:5   | Learned a level 6 spell: Deflect Missiles
 21409 | Lair:5   | Found a staircase to the Slime Pits.
 21412 | Lair:5   | Found a viscous altar of Jiyva.
 21437 | Lair:5   | Reached ***** piety under Ashenzari
 21821 | Lair:6   | Entered Level 6 of the Lair of Beasts
 22330 | Lair:6   | Noticed an entropy weaver
 22362 | Lair:5   | Killed an entropy weaver
 22751 | Lair:6   | Noticed an entropy weaver
 22770 | Lair:6   | Killed an entropy weaver
 23034 | Lair:6   | Reached skill level 10 in Conjurations
 24010 | Lair:6   | Reached skill level 14 in Air Magic
 24151 | Lair:6   | Gained mutation: You can fly continuously. [Tengu growth]
 24151 | Lair:6   | Reached XP level 14. HP: 76/76 MP: 13/30
 24435 | Lair:6   | Found a runed gate.
 24435 | Lair:6   | Found a runed gate.
 24435 | Lair:6   | Found a runed gate.
 24964 | Lair:6   | Got the uncursed robe of Vlad {Int+4}
 24989 | Lair:6   | Identified the +2 robe of Vlad {Int+4} (You found it on
                  | level 6 of the Lair of Beasts)
 25055 | Lair:6   | Noticed ThereIsNoGod's ghost (journeyman DDFi)
 25147 | Lair:6   | Noticed Rupert
 25162 | Lair:6   | Killed Rupert
 25455 | Swamp:1  | Entered Level 1 of the Swamp
 25457 | Swamp:1  | Noticed Roxanne
 25676 | Swamp:1  | Reached skill level 1 in Shields
 26377 | Swamp:1  | Gained mutation: Your natural rate of healing is unusually
                  | fast. [evolution]
 27202 | Swamp:2  | Noticed Nikola
 27366 | D:10     | Entered Level 10 of the Dungeon
 27459 | D:10     | Found a flagged portal.
 27546 | Bailey   | Entered a bailey
 27659 | Bailey   | Found a bloodstained altar of Trog.
 28245 | D:10     | Reached skill level 10 in Summonings
 28602 | D:11     | Identified the +9 short sword of Infinite Pain {pain,
                  | Dex+4}
 28627 | D:11     | Learned a level 4 spell: Animate Dead
 28738 | D:11     | Noticed Harold
 28754 | D:11     | Killed Harold
 28838 | D:11     | Learned a level 1 spell: Animate Skeleton
 28844 | D:11     | Reached ****** piety under Ashenzari
 29457 | D:11     | Reached skill level 1 in Necromancy
 29598 | D:12     | Found a labyrinth entrance.
 29607 | Lab      | Entered a labyrinth
 29630 | Lab      | Upgraded the game from 0.23-a0-180-ga5275e7 to
                  | 0.23-a0-181-g24f899a
 30019 | Lab      | Reached XP level 15. HP: 80/80 MP: 10/32
 30164 | D:12     | Found a frozen archway.
 30181 | IceCv    | Entered an ice cave
 30346 | IceCv    | Noticed a frost giant
 30424 | IceCv    | Reached skill level 15 in Air Magic
 30430 | IceCv    | Killed a frost giant
 31052 | D:12     | Found a staircase to the Orcish Mines.
 31748 | D:12     | Found the +12 Vampire's Tooth {vamp}
 31878 | Orc:1    | Entered Level 1 of the Orcish Mines
 31878 | Orc:1    | Noticed an orc warlord
 31899 | D:12     | Killed an orc warlord
 32101 | Orc:1    | Noticed an orc warlord
 32159 | Orc:1    | Killed an orc warlord
 32161 | Orc:1    | Paralysed by an orc sorcerer for 2 turns
 32238 | Orc:1    | Noticed an orc warlord
 32258 | Orc:1    | Killed an orc warlord
 32308 | Orc:1    | Reached skill level 5 in Fighting
 32510 | Orc:1    | Reached skill level 5 in Shields
 32836 | Orc:2    | Entered Level 2 of the Orcish Mines
 32867 | Orc:2    | Found a staircase to the Elven Halls.
 32915 | Orc:2    | Killed from afar by an orc priest

Vault maps used:
D:1:      dpeg_arrival_chambers_temple_mockup
D:2:      uniq_terence, uniq_sigmund
D:3:      first_ration, uniq_crazy_yiuf_cottage, uniq_robin
D:4:      enter_ossuary_5, uniq_ijyb
D:5:      nicolae_alphabet_shops
D:6:      uniq_edmund, uniq_duvessa
D:7:      grunt_temple_overflow_open, minmay_temple_entry_statues, serial_shops,
          shop, hangedman_abyss_or_decor_lesser_grid,
          nemelex_xobeh_ov_fountains_minmay
D:9:      dpeg_lair_monsters
D:10:     minmay_the_grid_triangle_9x9_rhombus_thin, enter_bailey_2,
          grunt_pizzeria
D:11:     uniq_harold
D:12:     orc_david_3, portal_ice_cave_rime, lab_entry_generic,
          minmay_guarded_unrand_vampires_tooth
Temple:   regret_index_temple_chain_breaker
Lair:1:   worms_lemuel, uniq_gastronok, uniq_sonja
Lair:2:   nicolae_swamp_entry_splash_gauntlet,
          minmay_snake_entry_guardpost_medium, grunt_megastairs_2
Lair:3:   lightli_volcano_entry_magma_tube, hangedman_lair_unloving_vines,
          lemuel_fruit_fields
Lair:4:   beast_lair_carwin_large_3, grunt_forest_large_clearings,
          lemuel_fruit_fields, infiniplex_staircase_pool
Lair:5:   slime_altar_1, grunt_megastairs_3
Lair:6:   gammafunk_lair_ancient_temple, gammafunk_ghost_necromancy,
          minivault_29, uniq_rupert
Swamp:1:  evilmike_swamp_ruin_rubble_2, swamp_pool2, uniq_roxanne
Swamp:2:  serial_swamp_ruin, evilmike_swamp_ruin_rubble_1,
          evilmike_swamp_ruin_house_2, swamp_pool1, uniq_nikola
Orc:1:    minmay_orc_treasury
Orc:2:    st_orc_mages, serial_shops, bzr_entry_gold, uniq_josephine
Lab:      labyrinth_hidden_loot, nicolae_lab_swirl, labyrinth_skeletal_remains,
          nicolae_lab_hexagon, nicolae_lab_stuck
Ossuary:  ossuary_tomb_1
Bailey:   bailey_axe_3, bailey
IceCv:    ice_cave_small_giant
Volcano:  volcano_village

Skill      XL: |  1  2  3  4  5  6  7  8  9 10 11 12 13 14 15 |
---------------+----------------------------------------------+-----
Conjurations   | 2 3 4 5 6 8 10 11 12 | 12.2
Air Magic      | 1 2 3 4 6 7 9 11 13 14 15 | 15.2
Poison Magic   | 4 |  4.4
Short Blades   | 1 2 3 4 5 6 7 8 |  8.2
Spellcasting   | 3 4 5 7 8 10 11 12 | 12.8
Stealth        | 3 4 5 6 7 8 |  8.2
Fighting       | 1 2 3 4 5 |  5.0
Staves         | 1 3 4 |  4.7
Dodging        | 3 4 5 6 |  6.3
Throwing       | 2 3 |  3.0
Summonings     | 4 5 6 8 9 10 | 10.3
Evocations     | 1 |  1.2
Armour         | 1 2 3 |  3.9
Shields        | 3 5 |  5.0
Necromancy     | 1 3 |  3.9

Action                   |  1- 3 |  4- 6 |  7- 9 | 10-12 | 13-15 || total
-------------------------+-------+-------+-------+-------+-------++-------
Melee: Dagger            |    26 |       |     8 |   386 |   847 ||  1267
       Kick              |     7 |    28 |    61 |   120 |   409 ||   625
       Peck              |     3 |    22 |    43 |    74 |   259 ||   401
       Short sword       |     3 |    70 |   129 |       |   241 ||   443
       Quarterstaff      |       |    80 |   109 |       |       ||   189
 Fire: Blowgun           |       |       |    16 |       |       ||    16
 Cast: Sting             |    24 |    36 |   101 |   150 |    62 ||   373
       Poisonous Vapours |    14 |    18 |    49 |    93 |   117 ||   291
       Mephitic Cloud    |       |     5 |    17 |    35 |    59 ||   116
       Summon Lightning  |       |       |    11 |    71 |   123 ||   205
       Call Canine Famil |       |       |     1 |     7 |     7 ||    15
       Summon Guardian G |       |       |       |       |    38 ||    38
       Deflect Missiles  |       |       |       |       |     3 ||     3
       Animate Dead      |       |       |       |       |    34 ||    34
       Animate Skeleton  |       |       |       |       |     6 ||     6
Invok: Curse Item        |       |       |       |     4 |     4 ||     8
 Abil: Fly               |       |     4 |    20 |    57 |    23 ||   104
Evoke: Wand              |       |       |       |    10 |    10 ||    20
  Use: Scroll            |       |     7 |     2 |    17 |    11 ||    37
       Potion            |       |       |       |     4 |     5 ||     9
 Stab: Sleeping          |     3 |     1 |     4 |    10 |    25 ||    43
       Confused          |       |     2 |     2 |     5 |    33 ||    42
       Petrified         |       |     3 |       |       |       ||     3
       Paralysed         |       |     3 |       |       |       ||     3
       Petrifying        |       |     1 |     1 |       |       ||     2
       Distracted        |       |       |     2 |     4 |    20 ||    26
  Eat: Chunk             |     4 |     9 |    18 |    33 |    37 ||   101
       Ration            |       |       |     2 |     4 |     2 ||     8
Armor: Robe              |     6 |    36 |    41 |    34 |    18 ||   135
       Ring mail         |       |       |       |    29 |   109 ||   138
Dodge: Dodged            |    11 |    95 |   155 |   196 |   421 ||   878
       Deflected         |       |       |       |       |    27 ||    27
Block: Buckler           |       |       |    13 |    90 |   253 ||   356

Table legend:
 A = Non-vault XP
 B = Vault XP
 C = Vault XP percentage of total XP
 D = Non-vault monster count
 E = Vault monster count
 F = Vault count percentage of total count
                 A         B        C        D         E       F
            +---------+---------+-------+---------+---------+-------
      Total |   59768 |   55532 |  48.2 |     567 |     354 |  38.4
            +---------+---------+-------+---------+---------+-------
        D:1 |      47 |       0 |   0.0 |      20 |       0 |   0.0
        D:2 |      85 |     244 |  74.2 |      19 |       2 |   9.5
        D:3 |      56 |      82 |  59.4 |      18 |      14 |  43.8
        D:4 |     267 |      36 |  11.9 |      14 |       1 |   6.7
        D:5 |    1206 |       0 |   0.0 |      44 |       0 |   0.0
        D:6 |    1281 |     303 |  19.1 |      35 |       3 |   7.9
        D:7 |    1813 |       0 |   0.0 |      30 |       0 |   0.0
        D:8 |    1750 |       0 |   0.0 |      29 |       0 |   0.0
        D:9 |     842 |    1863 |  68.9 |      17 |       6 |  26.1
       D:10 |    2260 |    3666 |  61.9 |      14 |      16 |  53.3
       D:11 |    4408 |     992 |  18.4 |      55 |       1 |   1.8
       D:12 |    7212 |    2632 |  26.7 |      56 |      16 |  22.2
     Lair:1 |    3159 |    3315 |  51.2 |      18 |       9 |  33.3
     Lair:2 |    2085 |    1705 |  45.0 |      15 |      14 |  48.3
     Lair:3 |    3887 |       0 |   0.0 |      25 |       0 |   0.0
     Lair:4 |    2924 |    6552 |  69.1 |      16 |      40 |  71.4
     Lair:5 |    4563 |    1554 |  25.4 |      21 |       6 |  22.2
     Lair:6 |    8354 |   13296 |  61.4 |      35 |      67 |  65.7
    Swamp:1 |    6728 |       0 |   0.0 |      27 |       0 |   0.0
    Swamp:2 |    3866 |       0 |   0.0 |      16 |       0 |   0.0
      Orc:1 |    2905 |    6795 |  70.1 |      40 |      39 |  49.4
      Orc:2 |      70 |    1690 |  96.0 |       3 |      20 |  87.0
        Lab |       0 |    1256 | 100.0 |       0 |       2 | 100.0
    Ossuary |       0 |     401 | 100.0 |       0 |      38 | 100.0
     Bailey |       0 |     369 | 100.0 |       0 |      16 | 100.0
      IceCv |       0 |    6532 | 100.0 |       0 |      35 | 100.0
    Volcano |       0 |    2249 | 100.0 |       0 |       9 | 100.0
            +---------+---------+-------+---------+---------+-------
